AoeStats
← Harmattan 05

MegaRandom

506185114Analyzed
1v1 RM · 18d ago on Sep 12, 2026· 78m 41s· 2 players
Game mode
Random Map
Map size
Tiny (2 player)
Population
200
Speed
Normal
Resources
Standard
Victory
Conquest
Starting age
Dark Age
Ending age
Imperial Age
RankedLock teamsTeams togetherTeam positionsShared explorationLock speedFull tech treeHidden civsTurbo modeCheats
Victory
Defeat
🇮🇳 Inca · India
221
+11
🇫🇷 Tupi · France
106
-11
Harmattan 05
0:36 Loom
17:59 Feudal Age
23:42 Wheelbarrow
22:56 Town Watch
23:14 Fishing Lines
24:56 Horse Collar
25:04 Double-Bit Axe
25:10 Gold Mining
25:11 Stone Mining
31:21 Castle Age
39:06 Hand Cart
38:53 Town Patrol
39:01 Heavy Plow
39:12 Bow Saw
39:38 Gold Shaft Mining
39:54 Squires
39:40 Arson
39:27 Elite Skirmisher
39:31 Pikeman
40:19 Gillnets
40:42 Medium Warships
43:40 Imperial Age
41:55 Murder Holes
41:42 Treadmill Crane
42:24 Ballistics
41:55 Heated Shot
43:11 Clinker Construction
43:12 Careening
44:26 Caciques
46:52 Two-Man Saw
47:02 Curare
46:22 Elite Blackwood Archer
46:39 Sappers
47:45 Hoardings
48:13 Fletching
48:18 Arrowslits
48:24 Guard Tower
49:36 Chemistry
50:21 Heavy Warships
49:55 Champi Runner
50:01 Crossbowman
51:37 Conscription
52:03 Keep
52:45 Bodkin Arrow
53:42 Dry Dock
54:04 Bracer
56:38 Champi Warrior
58:06 Forging
57:57 Scale Mail Armor
57:58 Padded Archer Armor
57:28 Arbalester
Mgb TN Ind
12:06 Feudal Age
15:44 Double-Bit Axe
26:35 Castle Age
24:47 Horse Collar
27:33 Gold Mining
27:46 Heavy Plow
27:58 Bow Saw
31:47 Stone Mining
34:15 Wheelbarrow
33:30 Town Watch
41:30 Imperial Age
39:32 Hand Cart
39:23 Town Patrol
47:01 Chemistry
46:02 Heated Shot
46:35 Ballistics
46:00 Arrowslits
46:06 Guard Tower
46:27 Fortified Wall
46:37 Shipwright
46:28 Clinker Construction
46:14 Murder Holes
46:00 Treadmill Crane
46:30 Masonry
46:26 Siege Engineers
46:31 Careening
48:51 Guilds
48:34 Loom
49:10 Andean Sling
49:16 Andean Sling
49:42 Forging
49:32 Scale Mail Armor
49:33 Padded Archer Armor
49:23 Fletching
50:17 Gold Shaft Mining
50:18 Stone Shaft Mining
51:30 Chain Mail Armor
51:51 Iron Casting
51:55 Keep
51:42 Elite Kamayuk
52:24 Fabric Shields
53:01 Hoardings
54:42 Plate Mail Armor
54:27 Leather Archer Armor
54:08 Bodkin Arrow
53:45 Demolition Ship
54:35 Medium Warships
57:02 Heavy Warships
58:48 Ring Archer Armor
58:18 Bracer
59:19 Blast Furnace
72:29 Dry Dock
72:03 Capped Ram
72:04 Heavy Scorpion
72:05 Onager
74:34 Siege Ram
78:21 Block Printing
Connection lost

Rejoining the realm…

Still unreachable

The connection could not be restored.

Session expired

The server has moved on; the page needs a fresh start.